 Dungeon Sprint DCSS version 0.29.1-2-gbd0b4ee654 (webtiles) character file.

Game seed: 1599787151351606629

1818 firemarshallily the Unseen (level 9, -2/68 HPs)
             Began as an Octopode Brigand on Nov 2, 2022.
             Was a Believer of Cheibriados.
             Slain by a demonic crawler (8 damage)
             ... in the Dungeon (Sprint I: "Red Sonja").
             The game lasted 00:03:16 (727 turns).

firemarshallily the Unseen (Octopode Brigand)        Turns: 727, Time: 00:03:17

Health: -2/68      AC:  1    Str: 15      XL:     9   Next: 10%
Magic:  9/9        EV: 13    Int: 17      God:    Cheibriados [**....]
Gold:   463        SH:  0    Dex: 16 (21) Spells: 8/8 levels left

rFire   . . .      SeeInvis .   a - +2 dagger
rCold   . . .      Faith    .   (no shield)
rNeg    . . .      Spirit   .   (helmet restricted)
rPois   .          Reflect  .   (no amulet)
rElec   .          Harm     .   (no ring)
rCorr   .          Rampage  .   (no ring)
Will    .....      NoTele   +   (no ring)
Stlth   ++++++++..              (no ring)
HPRegen 0.21/turn               (no ring)
MPRegen 0.11/turn               (no ring)
                                (no ring)
                                (no ring)

@: very slow
A: almost no armour, amphibious, 8 rings, camouflage 1, gelatinous body 1,
(nimble swimmer 1), tentacles
a: Renounce Religion, Bend Time


You were in the Dungeon.
You worshipped Cheibriados.
Cheibriados was pleased with you.
You visited 1 branch You collected 541 gold pieces.
You spent 78 gold pieces at shops.

Inventory:

Hand Weapons
 a - a +2 dagger (weapon)
Missiles
 b - 8 poisoned darts (quivered)
 c - 6 curare-tipped darts
Wands
 j - a wand of polymorph (4)
 k - a wand of roots (7)
Potions
 e - a potion of heal wounds
 f - a potion of haste
 g - 2 potions of magic
 h - a potion of berserk rage
 l - a potion of lignification


   Skills:
 + Level 9.2 Fighting
 * Level 12.7 Short Blades
 - Level 2.0 Throwing
 - Level 1.0 Dodging
 * Level 18.1 Stealth


You had 8 spell levels left.
You didn't know any spells.
Your spell library was empty.

Dungeon Overview and Level Annotations

Branches:
Dungeon (1/1)

Altars:
Cheibriados
Dithmenos
Elyvilon
Fedhas
Gozag
Hepliaklqana
Kikubaaqudgha
Makhleb
Nemelex Xobeh
Okawaru
Qazlal
Ru
Sif Muna
Trog
Uskayaw
Vehumet
Wu Jian
Xom
Yredelemnul
Zin
The Shining One
Jiyva
Lugonu

Shops:
D !*


Innate Abilities, Weirdness & Mutations

You cannot wear most types of armour.
You are amphibious.
You can wear up to eight rings at the same time.
Your skin changes colour to match your surroundings (Stealth+).
Your rubbery body absorbs attacks. (AC +1, EV +1)
((You are camouflaged when in or above water. (Stealth+)))
You have tentacles for arms and can constrict up to eight enemies at once.


Message History

The crimson imp laughs crazily.
The crimson imp hits you.
You barely miss the kobold demonologist.
The kobold demonologist is severely wounded.
You constrict the kobold demonologist. You hit the kobold demonologist.
Your squeeze misses the kobold demonologist.
The kobold demonologist is severely wounded.
You constrict the kobold demonologist. The quasit closely misses you. x2
The quasit claws you.
The kobold demonologist barely misses you.
The crimson imp barely misses you.
You hit the kobold demonologist but do no damage.
You squeeze the kobold demonologist.
The kobold demonologist is almost dead.
You constrict the kobold demonologist. The quasit bites you.
The quasit barely misses you. The quasit claws you.
You hit the kobold demonologist. You squeeze the kobold demonologist.
You kill the kobold demonologist!
Cheibriados thoroughly appreciates the change of pace.
Cheibriados raises the support of your attributes as your movement slows. x2
The quasit disappears in a puff of smoke!
The crimson imp disappears in a puff of smoke!
You feel your dexterity returning.
Your Stealth skill increases to level 18!
You have reached level 9!
Your experience leads to an increase in your attributes!
Your base attributes are Str 11, Int 13, Dex 15.
Increase (S)trength, (I)ntelligence, or (D)exterity?
You feel agile. x2
The demonic crawler attacks as you move away!
The demonic crawler barely misses you. The demonic crawler misses you.
The demonic crawler barely misses you.
The demonic crawler shrieks in warning! x2
You hear a shout!
The demonic crawler shrieks in warning!
The demonic crawler barely misses you. The demonic crawler hits you!
* * * LOW HITPOINT WARNING * * *
The demonic crawler hits you!
You die...

########################
.#.)'..#.)'..#__#§ss§..#
.'..#.)'..#..'..@ss#§§.#
.#####'#####'#__####..sss.#
.####..#...#.####(!#####..+
.#__####..##.#§~~.c# ##
.#_____##'#_.+~~§.§
⌠#_.∩...').._#~§~.c#
##_..__##_.#+# +####
#_____###'# ##########.##


You could see 4 demonic crawlers.

Vanquished Creatures
  Sonja (D)
  2 kobold demonologists (D)
  A slime creature (D)
  Sigmund (D)
  A yak (D)
  A floating eye (D)
  An ogre (D)
  A jelly (D)
  Ijyb (D)
10 creatures vanquished.

Notes
Turn   | Place    | Note
-------+----------+-------------------------------------------
     0 | D        | firemarshallily the Octopode Brigand began the quest for
                  | the Orb.
     0 | D        | Reached XP level 1. HP: 14/14 MP: 1/1
     1 | D        | Noticed Ijyb
     4 | D        | Killed Ijyb
     5 | D        | Reached skill level 7 in Stealth
     5 | D        | Reached XP level 2. HP: 21/21 MP: 2/2
     7 | D        | Noticed an ogre
    10 | D        | Killed an ogre
    11 | D        | Reached skill level 5 in Short Blades
    11 | D        | Reached skill level 9 in Stealth
    11 | D        | Reached XP level 3. HP: 27/27 MP: 3/3
    11 | D        | Reached XP level 4. HP: 34/34 MP: 4/4
    19 | D        | Noticed Sigmund
    22 | D        | Killed Sigmund
    23 | D        | Reached skill level 5 in Fighting
    23 | D        | Reached skill level 12 in Stealth
    23 | D        | Reached XP level 5. HP: 41/41 MP: 5/5
    23 | D        | Reached XP level 6. HP: 46/46 MP: 6/6
    35 | D        | Found a shimmering blue altar of Sif Muna.
    36 | D        | Found an ornate altar of the Wu Jian Council.
    37 | D        | Found a radiant altar of Vehumet.
    52 | D        | Found Wuveym's General Store.
    52 | D        | Found an ancient bone altar of Kikubaaqudgha.
    52 | D        | Found a stormy altar of Qazlal.
    52 | D        | Found a blossoming altar of Fedhas.
    52 | D        | Found a bloodstained altar of Trog.
    52 | D        | Found an iron altar of Okawaru.
    52 | D        | Found a glowing golden altar of the Shining One.
    52 | D        | Found a glowing silver altar of Zin.
    52 | D        | Found a white marble altar of Elyvilon.
    52 | D        | Noticed a yak
    53 | D        | Found a hazy altar of Hepliaklqana.
    53 | D        | Found a hide-covered altar of Uskayaw.
    53 | D        | Found a basalt altar of Yredelemnul.
    53 | D        | Found an opulent altar of Gozag.
    53 | D        | Found a snail-covered altar of Cheibriados.
    53 | D        | Found a sacrificial altar of Ru.
    53 | D        | Found a shadowy altar of Dithmenos.
    54 | D        | Killed a yak
    55 | D        | Reached skill level 13 in Stealth
    55 | D        | Reached XP level 7. HP: 53/53 MP: 7/7
    70 | D        | Found a sparkling altar of Nemelex Xobeh.
    76 | D        | Became a worshipper of Cheibriados the Contemplative
    82 | D        | Noticed Sonja
    86 | D        | Killed Sonja
    87 | D        | Reached skill level 16 in Stealth
    87 | D        | Reached XP level 8. HP: 61/61 MP: 8/8
   103 | D        | Found Xuewios's Distillery.
   111 | D        | Bought a potion of curing for 39 gold pieces
   111 | D        | Bought a potion of lignification for 39 gold pieces
   129 | D        | Found a viscous altar of Jiyva.
   129 | D        | Found a corrupted altar of Lugonu.
   129 | D        | Noticed a slime creature
   130 | D        | Found a burning altar of Makhleb.
   130 | D        | Found a shimmering altar of Xom.
   138 | D        | Killed a slime creature
   382 | D        | Noticed a kobold demonologist
   383 | D        | Noticed a kobold demonologist
   392 | D        | Paralysed by a floating eye for 4 turns
   397 | D        | HP: 2/62 [kobold demonologist/+1 dagger of venom (6)]
   542 | D        | Killed a kobold demonologist
   542 | D        | Reached * piety under Cheibriados
   543 | D        | Reached skill level 17 in Stealth
   691 | D        | Noticed a centaur warrior
   691 | D        | Noticed a centaur warrior
   697 | D        | Paralysed by a floating eye for 2 turns
   709 | D        | Noticed a demonic crawler
   709 | D        | Noticed a demonic crawler
   709 | D        | Noticed a demonic crawler
   709 | D        | Noticed a demonic crawler
   725 | D        | Killed a kobold demonologist
   725 | D        | Reached ** piety under Cheibriados
   726 | D        | Reached skill level 18 in Stealth
   726 | D        | Reached XP level 9. HP: 21/68 MP: 9/9
   727 | D        | Slain by a demonic crawler

Illustrated notes

Levels and vault maps discovered:
D:        dungeon_sprint_1 [red_sonja_temple_1, red_sonja_temple_small_1]

Skill      XL: |  1  2  3  4  5  6  7  8 |
---------------+-------------------------+-----
Fighting       | 3 4 5 6 8 9 |  9.2
Short Blades   | 4 5 8 9 11 12 | 12.7
Stealth        | 7 9 12 13 16 18 | 18.1
Throwing       | |  2.0
Dodging        | |  1.0

Action                   |  1- 3 |  4- 6 |  7- 9 || total
-------------------------+-------+-------+-------++-------
Melee: Dagger            |     2 |     3 |    35 ||    40
       Tentacles         |       |       |    16 ||    16
       Constrict         |       |       |     4 ||     4
       Punch             |       |       |     1 ||     1
Throw: Dart              |       |       |     1 ||     1
  Use: Potion            |       |       |     2 ||     2
       Scroll            |       |       |     1 ||     1
 Stab: Sleeping          |     2 |     3 |     1 ||     6
Armor: Skin              |       |       |     1 ||     1
Dodge: Dodged            |       |       |    25 ||    25
